 Dungeon Crawl Stone Soup version 0.29-a0-653-gd47aff6735 (webtiles) character file.

Game seed: 17893771370947488085

308 zeratav the Shooter (level 6, -3/29 HPs)
             Began as a Spriggan Arcane Marksman on June 21, 2022.
             Slain by a gnoll shaman
             ... wielding a +0 club
              (9 damage)
             ... on level 3 of the Dungeon.
             The game lasted 00:06:15 (2959 turns).

zeratav the Shooter (Spriggan Arcane Marksman)      Turns: 2959, Time: 00:06:16

Health: -3/29      AC:  2    Str:  6    XL:     6   Next: 16%
Magic:  9/9        EV: 17    Int: 14    God:
Gold:   152        SH:  0    Dex: 18    Spells: 6/7 levels left

rFire   . . .      SeeInvis +   a - +0 shortbow (flame) {bow}
rCold   . . .      Faith    .   (shield currently unavailable)
rNeg    . . .      Spirit   .   b - +0 robe
rPois   .          Reflect  .   (helmet restricted)
rElec   .          Harm     .   (no cloak)
rCorr   .          Rampage  .   (gloves unavailable)
Will    +....                   (boots unavailable)
Stlth   ++........              (no amulet)
HPRegen 0.09/turn               (no ring)
MPRegen 0.11/turn               (no ring)

@: very quick
A: very small, no large weapons, unfitting armour, see invisible, speed 3
a: no special abilities


You were on level 3 of the Dungeon.
You visited 1 branch of the dungeon, and saw 3 of its levels.

You collected 152 gold pieces.


Innate Abilities, Weirdness & Mutations

You are very small and have problems with some larger weapons.
You are too small for most types of armour.
You have supernaturally acute eyesight. (SInv)
You cover ground extremely quickly. (Speed+++)


   Skills:
 - Level 0.7 Fighting
 + Level 7.9 Bows
 - Level 2.6 Dodging
 - Level 1.3 Spellcasting
 - Level 3.6 Hexes


You had 6 spell levels left.
You knew the following spells:

 Your Spells              Type           Power      Damage    Failure   Level
a - Slow                  Hex            44%        N/A       6%          1

Your spell library contained the following spells:

 Spells                   Type           Power      Damage    Failure   Level
 Inner Flame              Hex/Fire       6%         N/A       36%         3
 Portal Projectile        Hex/Tloc       12%        N/A       36%         3
 Cause Fear               Hex            5%         N/A       50%         4

Inventory:

Hand Weapons
 a - a +0 shortbow of flaming (weapon) {bow}
Armour
 b - a +0 robe (worn)
Scrolls
 c - 3 scrolls of vulnerability {!r!r}
 e - 4 scrolls of identify {@r1}
 i - 2 scrolls of immolation {!r!r}
 k - a scroll of summoning {unknown}
 m - a scroll of poison {unknown}
Potions
 d - 6 potions of curing {@q1}
 f - a potion of heal wounds {unknown}
 g - a potion of berserk rage {unknown}
 h - a potion of might {unknown}
 j - a potion of mutation {unknown}
 l - a potion of brilliance {unknown}

Dungeon Overview and Level Annotations

Branches:
Dungeon (3/15) Zot: 15686

Altars:

. . . . ####################### .
......#....#...)....... . '
......'...)))..........+. . #
...)..#...)#...........#'##
#############'''@#############...
#................g.......[...#.gg
#≈≈≈≈≈≈≈≈≈≈≈≈...)≈≈≈≈≈≈≈≈≈≈≈≈####
≈≈≈≈≈≈≈≈≈≈≈≈≈....≈≈≈≈≈≈≈≈≈≈≈≈≈≈≈≈
≈≈≈≈≈≈≈≈≈≈≈≈≈....≈≈≈≈≈≈≈≈≈≈≈≈≈≈≈≈
.................................
##########.###.###..#####...##.##
#.# #......## #.####.## #.#
#####...# #...)....


You could see a gnoll shaman.


Message History

You shoot an arrow. The gnoll shouts!
The arrow hits the gnoll.
The arrow burns the gnoll.
You shoot an arrow. The arrow hits the gnoll.
The arrow burns the gnoll.
HP[+1]
You shoot an arrow. The arrow barely misses the gnoll.
You shoot an arrow. The arrow hits the gnoll.
The arrow burns the gnoll.
You kill the gnoll!
No target in view!
No target in view!
No target in view!
An orc is nearby!
HP[+3]
You regained 3 hp, and now have 28/29 hp.
You shoot an arrow. The arrow hits the orc!
The arrow burns the orc.
You kill the orc!
An orc comes into view. It is wielding a +0 club.
You shoot an arrow. The arrow completely misses the orc.
The orc shouts!
You shoot an arrow. The arrow completely misses the orc.
You shoot an arrow. The arrow hits the orc.
The arrow burns the orc.
You kill the orc!
No target in view!
No target in view!
No target in view!
l - a bubbling golden potion;
m - a scroll labelled BUDAYL AHOWIA You now have 152 gold pieces (gained 29).
Things that are here:
a +0 flail {mace}; a +0 robe; a gnoll corpse HP[+1]
Your hp is fully restored (29).
Things that are here:
a +0 club {mace}; a +0 leather armour
There is an open door, spattered with blood here.
You see here a +0 flail {mace}.
Things that are here:
a +0 flail {mace}; an orc corpse
Things that are here:
a +0 club {mace}; a +0 ring mail
Things that are here:
a +0 flail {mace}; an orc corpse
There is an open door, spattered with blood here.
You see here a +0 flail {mace}.
Things that are here:
a +0 club {mace}; a +0 leather armour A gnoll shaman comes into view.
It is wielding a +0 club.
The gnoll shaman shouts!
There is a huge open gate here.
You shoot an arrow. The arrow hits the gnoll shaman.
The arrow burns the gnoll shaman.
You shoot an arrow.
The arrow closely misses the gnoll shaman.
You shoot an arrow. The arrow hits the gnoll shaman.
The arrow burns the gnoll shaman.
You shoot an arrow. The arrow hits the gnoll shaman.
The arrow burns the gnoll shaman.
The gnoll shaman misses you.
You shoot an arrow. The arrow hits the gnoll shaman.
The arrow burns the gnoll shaman.
The gnoll shaman closely misses you.
You shoot an arrow.
The arrow closely misses the gnoll shaman.
The gnoll shaman hits you with a +0 club.
HP[-6]
You take 6 damage, and now have 23/29 hp.
MASSIVE DAMAGE!! (PAUSE)
You shoot an arrow.
The arrow hits the gnoll shaman but does no damage.
The gnoll shaman mumbles some strange prayers to its god.
The gnoll shaman is healed somewhat.
You shoot an arrow.
The arrow closely misses the gnoll shaman.
The gnoll shaman utters an invocation to its god.
The gnoll shaman is healed somewhat.
You shoot an arrow.
The arrow barely misses the gnoll shaman.
The gnoll shaman hits you with a +0 club!
HP[-8]
You take 8 damage, and now have 15/29 hp.
MASSIVE DAMAGE!! (PAUSE)
You are too injured to fight recklessly!
Shoot: a) +0 shortbow (flame) {bow}
Press: ? - help, Q - select action, (/) - cycle Shift-Dir - straight line, f/p - gnoll shaman
Aim: a gnoll shaman, wielding a +0 club and wearing a +0 robe (moderately wounded, 68% to hit)
You shoot an arrow.
The arrow barely misses the gnoll shaman.
The gnoll shaman closely misses you.
Shoot: a) +0 shortbow (flame) {bow}
Press: ? - help, Q - select action, (/) - cycle Shift-Dir - straight line, f/p - gnoll shaman
Aim: a gnoll shaman, wielding a +0 club and wearing a +0 robe (moderately wounded, 68% to hit)
You shoot an arrow. The arrow hits the gnoll shaman.
The arrow burns the gnoll shaman.
The gnoll shaman closely misses you.
Shoot: a) +0 shortbow (flame) {bow}
Press: ? - help, Q - select action, (/) - cycle Shift-Dir - straight line, f/p - gnoll shaman
Aim: a gnoll shaman, wielding a +0 club and wearing a +0 robe (heavily wounded, 68% to hit)
You shoot an arrow. The arrow hits the gnoll shaman.
The arrow burns the gnoll shaman.
The gnoll shaman hits you with a +0 club!
* * * LOW HITPOINT WARNING * * *
The gnoll shaman hits you with a +0 club!
You die...

Skill      XL: |  1  2  3  4  5 |
---------------+----------------+-----
Bows           | 3 4 5 6 7 |  7.9
Fighting       | |  0.7
Dodging        | |  2.6
Spellcasting   | |  1.3
Hexes          | |  3.6

Action                   |  1- 3 |  4- 6 || total
-------------------------+-------+-------++-------
 Fire: Shortbow          |   152 |   189 ||   341
 Cast: Slow              |     1 |       ||     1
  Use: Scroll            |     3 |     1 ||     4
Armor: Robe              |     5 |     9 ||    14
Dodge: Dodged            |    16 |    87 ||   103

Levels and vault maps discovered:
D:1:      dpeg_arrival_boxorama, layout_rooms, basic_ecumenical_altar,
          serial_forest, infiniplex_forest_straight_2,
          infiniplex_forest_lined_3_way, infiniplex_forest_end_3,
          infiniplex_forest_zigzag_2, infiniplex_forest_clump_curved,
          infiniplex_forest_clump_tiny, infiniplex_forest_end_3, st_stairs_1,
          minmay_misc_feat_ornament, chequers_serial_rivers_micro_e,
          serial_park_tiny_2
D:2:      layout_rooms
D:3:      lemuel_castle_with_subvaults [lemuel_castle_interior_carwin_1],
          layout_loops_ring

Notes
Turn   | Place    | Note
-------+----------+-------------------------------------------
     0 | D:1      | zeratav the Spriggan Arcane Marksman began the quest for
                  | the Orb.
     0 | D:1      | Reached XP level 1. HP: 9/9 MP: 3/3
     0 | D:1      | magus.rc [v1.9.6]
    45 | D:1      | Reached skill level 3 in Bows
   153 | D:1      | Reached XP level 2. HP: 14/14 MP: 5/5
   195 | D:1      | Found a faded altar of an unknown god.
   492 | D:1      | Reached skill level 4 in Bows
   507 | D:1      | Reached XP level 3. HP: 14/17 MP: 6/6
  1311 | D:2      | Reached skill level 5 in Bows
  1393 | D:2      | Reached XP level 4. HP: 21/21 MP: 7/7
  2051 | D:3      | Reached skill level 6 in Bows
  2357 | D:3      | Reached XP level 5. HP: 22/25 MP: 8/8
  2695 | D:3      | Reached skill level 7 in Bows
  2874 | D:3      | Reached XP level 6. HP: 23/29 MP: 9/9
  2959 | D:3      | HP: 6/29 [gnoll shaman/+0 club (10)]
  2959 | D:3      | Slain by a gnoll shaman

Vanquished Creatures
  A howler monkey (D:3)
  A hound (D:3)
  A gnoll shaman (D:3)
  9 gnolls
  An adder (D:2)
  A worm (D:2)
  A dart slug (D:1)
  11 orcs
  9 endoplasms
  3 giant cockroaches
  2 goblins
  5 hobgoblins
  16 jackals
  5 quokkas
  5 ball pythons
  10 bats
  2 frilled lizards (D:1)
  4 kobolds (D:1)
  8 rats
  A bush (D:1)
96 creatures vanquished.

Vanquished Creatures (others)
  2 plants
2 creatures vanquished.

Grand Total: 98 creatures vanquished

Table legend:
 A = Non-vault XP
 B = Vault XP
 C = Vault XP percentage of total XP
 D = Non-vault monster count
 E = Vault monster count
 F = Vault count percentage of total count
                 A         B        C        D         E       F
            +---------+---------+-------+---------+---------+-------
      Total |     158 |     282 |  64.1 |      63 |      32 |  33.7
            +---------+---------+-------+---------+---------+-------
        D:1 |      48 |      15 |  23.8 |      29 |       2 |   6.5
        D:2 |      45 |       8 |  15.1 |      19 |       3 |  13.6
        D:3 |      65 |     259 |  79.9 |      15 |      27 |  64.3
            +---------+---------+-------+---------+---------+-------

Illustrated notes

Table legend:
 A = Kills in this place as a percentage of kills in entire the game.
 B = Kills by you in this place as a percentage of kills by you in the entire game.
 C = Kills by friends in this place as a percentage of kills by friends in the entire game.
 D = Other kills in this place as a percentage of other kills in the entire game.
 E = Experience gained in this place as a percentage of experience gained in the entire game.
 F = Experience gained in this place divided by the number of levels of this place that you have seen.
                   A       B       C       D       E      F
               +-------+-------+-------+-------+-------+----------------------
         Total | 100.0 | 100.0 |   N/A |   N/A | 100.0 | 146.7
       Dungeon | 100.0 | 100.0 |   N/A |   N/A | 100.0 | 146.7
               +-------+-------+-------+-------+-------+----------------------

Table legend: (Time is in decaauts)
 A = Elapsed time spent in this place.
 B = Non-inter-level travel time spent in this place.
 C = Inter-level travel time spent in this place.
 D = Time resting spent in this place.
 E = Time spent auto-exploring this place.
 F = Levels seen in this place.
 G = Mean time per level.
                   A        B        C        D        E       F      G
               +--------+--------+--------+--------+--------+-----+--------+
         Total |   2312 |   2262 |     50 |    512 |   1169 |   3 |  770.7 |
       Dungeon |   2312 |   2262 |     50 |    512 |   1169 |   3 |  770.7 |
               +--------+--------+--------+--------+--------+-----+--------+

Top non-repeatable levels by time:
     D:1: 922 daAuts
     D:3: 772 daAuts
     D:2: 617 daAuts
